 Dungeon Crawl Stone Soup version 0.31-a0-325-g067879e3d3 (webtiles) character file.

Game seed: 6321259593092423065

105 AIAndy the Changeling (level 4, -5/29 HPs)
             Began as an Octopode Shapeshifter on July 18, 2023.
             Slain by a sleepcap (9 damage)
             ... on level 4 of the Dungeon.
             The game lasted 00:03:44 (2318 turns).

AIAndy the Changeling (Octopode Shapeshifter)       Turns: 2318, Time: 00:03:44

Health: -5/29      AC:  1    Str: 16    XL:     4   Next: 83%
Magic:  4/4        EV: 13    Int: 10    God:
Gold:   148        SH:  0    Dex: 12    Spells: 3/3 levels left

rFire   . .          .
                       - Unarmed
rCold   . . .        (no shield)
rNeg    . . .        (helmet currently unavailable)
rPois   .            (no amulet)
rElec   .            (no ring)
rCorr   .            (no ring)
SInv    .            (no ring)
Will    .....        (no ring)
Stlth   ++           (no ring)
HPRegen 0.24/turn    (no ring)
MPRegen 0.09/turn    (no ring)
                     (no ring)

%: no passive effects
@: beast-form
A: beast (slay +2), almost no armour, amphibious, 8 rings, camouflage 1,
gelatinous body 1, (nimble swimmer 1), tentacles
a: Begin Untransformation


You were on level 4 of the Dungeon.
You were a hulking beast.
You visited 1 branch of the dungeon, and saw 4 of its levels.

You collected 148 gold pieces.


Innate Abilities, Weirdness & Mutations

You are a hulking beast.
Your limbs bulge with bestial killing power. (Slay +2)
You cannot wear most types of armour.
You are amphibious.
You can wear up to eight rings at the same time.
Your skin changes colour to match your surroundings (Stealth+).
Your rubbery body absorbs attacks. (AC +1, EV +1)
((You are camouflaged when in or above water. (Stealth+)))
You have tentacles for arms and can constrict up to eight enemies at once.


   Skills:
 - Level 2.0 Fighting
 - Level 2.0 Dodging
 + Level 3.6 Unarmed Combat
 + Level 4.0 Shapeshifting


You had 3 spell levels left.
You didn't know any spells.
Your spell library contained the following spells:

 Spells                   Type           Power      Damage    Failure   Level
 Freeze                   Ice            0%         1d3       36%         1
 Frozen Ramparts          Ice            0%         1d1       75%         3
 Hailstorm                Conj/Ice       0%         3d3       75%         3

Inventory:

Missiles
 l - 6 poisoned darts
 m - 5 javelins
Talismans
 b - a beast talisman
Scrolls
 c - 2 scrolls of teleportation {unknown}
 e - 3 scrolls of fear {unknown}
 i - 2 scrolls of fog {unknown}
 j - a scroll of enchant armour {unknown}
 k - a scroll of blinking {unknown}
 o - a scroll of noise {unknown}
Potions
 a - a potion of lignification {!q}
 d - a potion of enlightenment {unknown}
 f - 2 potions of heal wounds {unknown}
 h - a potion of curing {unknown}
 n - 2 potions of berserk rage {unknown}

Dungeon Overview and Level Annotations

Branches:
Dungeon (4/15)
 Temple: D:4-7

Altars:

#... ......
#########... ......
........#... .....
............
#...###### .........#.
#........#####......#.
.................##.
#f..............##.
#.h.............##.
#.†..#......######.
###..#......# ...
#..#......# ....
#.....###.# ....
........).'....+ <..
..........###.## ..#
...#....#### #.. ..
##.... ###


You could see a sleepcap.


Message History

You kill the goblin!
No target in view!
No target in view!
As you open the door, it creaks loudly!
You hear a shout!
A hobgoblin comes into view.
A hobgoblin is nearby!
A hobgoblin is nearby!
A sleepcap comes into view.
You closely miss the hobgoblin. Your grab misses the hobgoblin.
Your squeeze misses the hobgoblin. The hobgoblin hits you.
You completely miss the hobgoblin. You grab the hobgoblin.
You constrict the hobgoblin. The hobgoblin closely misses you.
You tentacle-slap the hobgoblin.
The hobgoblin is almost dead.
You constrict the hobgoblin, but do no damage.
The hobgoblin hits you.
You tentacle-slap the hobgoblin.
You kill the hobgoblin!
You see here a hobgoblin corpse.
The sleepcap releases spores at you.
You are engulfed in a cloud of soporific spores!
You fall asleep.
The sleepcap releases spores at you!!
You wake up.
Ouch! That really hurt!
* * * LOW HITPOINT WARNING * * *
You tentacle-slap the sleepcap. You grab the sleepcap.
You tentacle-slap the sleepcap.
The sleepcap is lightly damaged.
You constrict the sleepcap. The sleepcap releases spores at you!
You die...

Skill      XL: |  1  2  3  4 |
---------------+-------------+-----
Unarmed Combat | 3 |  3.6
Shapeshifting  | 4 |  4.0
Fighting       | |  2.0
Dodging        | |  2.0

Action                     |  1- 3 |  4- 6 || total
---------------------------+-------+-------++-------
  Melee: Unarmed           |    72 |    39 ||   111
         Constrict         |    21 |    15 ||    36
         Tentacles         |    14 |     4 ||    18
         Punch             |     1 |     4 ||     5
   Stab: Sleeping          |     6 |     5 ||    11
 Armour: Skin              |     1 |     1 ||     2
  Dodge: Dodged            |    40 |    18 ||    58

Levels and vault maps discovered:
D:1:      arrival_zaba_pyramid, layout_basic,
          dreamdust_ecumenical_altar_angels_and_demons
D:2:      layout_rooms, wad_orctagon
D:3:      layout_loops_ring
D:4:      kennysheep_big_flooded_room, layout_basic

Notes
Turn   | Place    | Note
-------+----------+-------------------------------------------
     0 | D:1      | AIAndy the Octopode Shapeshifter began the quest for the
                  | Orb.
     0 | D:1      | Reached XP level 1. HP: 14/14 MP: 1/1
   125 | D:1      | Found a faded altar of an unknown god.
   266 | D:1      | Reached XP level 2. HP: 19/19 MP: 2/2
   933 | D:2      | Reached XP level 3. HP: 24/24 MP: 3/3
  1135 | D:2      | Reached skill level 3 in Unarmed Combat
  1568 | D:3      | Reached XP level 4. HP: 29/29 MP: 4/4
  2206 | D:4      | Reached skill level 4 in Shapeshifting
  2318 | D:4      | Slain by a sleepcap

Vanquished Creatures
  2 adders (D:3)
  A dart slug (D:3)
  2 worms (D:3)
  8 orcs
  3 endoplasms
  A giant cockroach (D:2)
  7 goblins
  9 hobgoblins
  6 jackals
  A quokka (D:1)
  6 ball pythons
  5 bats
  3 frilled lizards
  9 kobolds
  5 rats
68 creatures vanquished.

Table legend: (Time is in decaauts)
 A = Elapsed time spent in this place.
 B = Non-inter-level travel time spent in this place.
 C = Inter-level travel time spent in this place.
 D = Time resting spent in this place.
 E = Time spent auto-exploring this place.
 F = Levels seen in this place.
 G = Mean time per level.
                   A        B        C        D        E       F      G
               +--------+--------+--------+--------+--------+-----+--------+
         Total |   2310 |   2167 |    143 |      0 |   1784 |   4 |  577.5 |
       Dungeon |   2310 |   2167 |    143 |      0 |   1784 |   4 |  577.5 |
               +--------+--------+--------+--------+--------+-----+--------+

Top non-repeatable levels by time:
     D:1: 863 daAuts
     D:3: 751 daAuts
     D:2: 517 daAuts
     D:4: 178 daAuts

Table legend:
 A = Non-vault XP
 B = Vault XP
 C = Vault XP percentage of total XP
 D = Non-vault monster count
 E = Vault monster count
 F = Vault count percentage of total count
                 A         B        C        D         E       F
            +---------+---------+-------+---------+---------+-------
      Total |     139 |      12 |   7.9 |      64 |       4 |   5.9
            +---------+---------+-------+---------+---------+-------
        D:1 |      32 |       0 |   0.0 |      21 |       0 |   0.0
        D:2 |      17 |      12 |  41.4 |      12 |       4 |  25.0
        D:3 |      65 |       0 |   0.0 |      19 |       0 |   0.0
        D:4 |      25 |       0 |   0.0 |      12 |       0 |   0.0
            +---------+---------+-------+---------+---------+-------
